 Dungeon Crawl Stone Soup version 0.29-a0-334-gb41bcbb86e (webtiles) character file.

Game seed: 18406484604915293046

57756 Essalna the Fighter (level 15, -13/118 HPs)
             Began as a Djinni Conjurer on Apr 13, 2022.
             Was the Champion of Makhleb.
             Mangled by a catoblepas (14 damage)
             ... while petrified by a catoblepas
             ... on level 6 of the Lair of Beasts on Apr 14, 2022.
             The game lasted 00:56:24 (16063 turns).

Essalna the Fighter (Djinni Conjurer)              Turns: 16063, Time: 00:56:25

Health: -13/118    AC: 16    Str: 12    XL:     15   Next: 27%
Gold:   1575       EV:  2    Int: 29    God:    Makhleb [******] SH:  0 Dex: 13

rFire   + + .      SeeInvis .   C - +6 scimitar "Fipp" {vamp, rN++ Stlth+}
rCold   x . .      Faith    .   J - +0 buckler
rNeg    + + +      Spirit   .   A - +0 steam dragon scales
rPois   ∞          Reflect  .   V - +2 hat {Int+3}
rElec   .          Harm     .   r - +2 cloak {Will+}
rCorr   .          Rampage  .   (no gloves)
Will    +++..                   (boots unavailable)
Stlth   +++.......              F - amulet "Xeoxkuep" {RegenMP Fragile Will+ Regen+}
HPRegen 1.09/turn               l - +4 ring of protection
MPRegen 0.00/turn               p - +6 ring of strength

@: petrified, flying
A: sickness immunity, fire resistance 2, cold vulnerability 1, float, innate
caster, HP casting, extra vitality 1
a: Renounce Religion, Minor Destruction, Lesser Servant of Makhleb, Major
Destruction, Greater Servant of Makhleb


You were on level 6 of the Lair of Beasts.
You worshipped Makhleb.
Makhleb was exalted by your worship.
You visited 3 branches of the dungeon, and saw 18 of its levels.

You collected 2116 gold pieces.
You spent 541 gold pieces at shops.

Inventory:

Hand Weapons
 C - the +6 scimitar "Fipp" (weapon) {vamp, rN++ Stlth+}
   (You found it on level 7 of the Dungeon)

   It occasionally heals its wielder for a portion of the damage dealt when it
   wounds a living foe.
   rN:        It greatly protects you from negative energy.
   Stlth:     It makes you more stealthy.
Missiles
 U - 2 throwing nets
Armour
 a - a +0 robe
 r - a +2 cloak of willpower (worn)
 w - a +0 helmet
 A - +0 steam dragon scales (worn)
 J - a +0 buckler (worn)
 V - a +2 hat of intelligence (worn)
Magical Staves
 q - a staff of cold
 x - a staff of death
 W - a staff of earth
Jewellery
 e - an amulet of regeneration
 l - a +4 ring of protection (left hand)
 p - a +6 ring of strength (right hand)
 F - the amulet "Xeoxkuep" (around neck) {RegenMP Fragile Will+ Regen+}
   (You found it on level 9 of the Dungeon)

   [amulet of magic regeneration]

   It increases your rate of magic regeneration.
   Regen:     It increases your rate of health regeneration.
   Fragile:   It will be destroyed if unequipped.
   Will:      It increases your willpower.
 M - an amulet of the acrobat
 Z - a +4 ring of slaying
Wands
 c - a wand of flame (52)
 m - a wand of mindburst (12)
 E - a wand of iceblast (18)
 G - a wand of charming (18)
 I - a wand of polymorph (7)
 K - a wand of acid (3)
 T - a wand of paralysis (6)
 X - a wand of digging (5)
Scrolls
 d - 6 scrolls of amnesia
 g - 14 scrolls of identify
 k - 2 scrolls of holy word
 n - 4 scrolls of noise
 s - 6 scrolls of teleportation
 t - 3 scrolls of blinking
 u - a scroll of immolation
 v - 2 scrolls of enchant weapon
 y - a scroll of torment
 H - 4 scrolls of silence
 L - a scroll of summoning
 R - a scroll of fog
 Y - a scroll of fear
Potions
 b - 4 potions of brilliance
 f - a potion of haste {unknown}
 h - 12 potions of curing
 i - 2 potions of lignification {unknown}
 j - a potion of berserk rage {unknown}
 o - a potion of mutation {unknown}
 z - 2 potions of degeneration {unknown}
 B - 4 potions of might {unknown}
 D - 2 potions of attraction {unknown}
 N - 4 potions of cancellation {unknown}
 O - a potion of invisibility {unknown}
 P - 2 potions of flight {unknown}
 Q - 6 potions of magic {unknown}
 S - 9 potions of heal wounds {unknown}


   Skills:
 + Level 14.6 Fighting
 + Level 10.6 Armour
 + Level 11.8 Dodging
 - Level 1.5 Stealth
 - Level 4.0 Shields
 + Level 14.0 Spellcasting


You had 3 spell levels left.
You knew the following spells:

 Your Spells              Type           Power      Damage    Failure   Level
a - Magic Dart            Conj           100%       1d8       0%          1
b - Searing Ray           Conj           100%       2d8       0%          2
c - Dazzling Flash        Conj/Hex       100%       N/A       1%          3
d - Fulminant Prism       Conj/Hex       40%        3d20      1%          4
e - Iskenderun's Mystic   Conj/Tloc      80%        2d16      1%          4
f - Sandblast             Erth           100%       2d20      0%          1
g - Wereblood             Tmut           80%        N/A       0%          2
h - Scorch                Fire           100%       2d10      0%          2
i - Passage of Golubria   Tloc           80%        N/A       1%          4
j - Iskenderun's Battles  Conj           80%        2d13      1%          5
k - Summon Mana Viper     Hex/Summ       80%        N/A       1%          5
l - Simulacrum            Ice/Necr       40%        N/A       1%          6
Your spell library was empty.

Dungeon Overview and Level Annotations

Branches:
Dungeon (11/15)            Temple (1/1) D:7            Lair (6/6) D:9
  Swamp (0/4) Lair:4        Snake (0/4) Lair:3        Slime (0/5) Lair:6
    Orc: D:9-12

Altars:
Ashenzari
Cheibriados
Dithmenos
Elyvilon
Fedhas
Gozag
Hepliaklqana
Kikubaaqudgha
Makhleb
Nemelex Xobeh
Okawaru
Qazlal
Ru
Trog
Uskayaw
Vehumet
Wu Jian
Xom
Yredelemnul
Zin
The Shining One
Jiyva

Shops:
D:4 **

Annotations:
Lair:4 3 runed translucent doors, GordonOverkill's ghost, journeyman DEHu; Poeck's ghost, journeyman GrFi
Lair:5 6 runed translucent doors


Innate Abilities, Weirdness & Mutations

You are immune to sickness and miasma.
You are immune to poison.
Your flesh is very heat resistant. (rF++)
You are vulnerable to cold. (rC-)
You float through the air rather than walking.
You learn spells naturally, not from books.
Your magical power is your life essence.
You have superior vitality. (+4 MHP)


Message History

You are slowing down.
The catoblepas gores you!!
Your limbs are stiffening.
Casting: Iskenderun's Mystic Blast (safe; 1% risk of failure)
Confirm with . or Enter, or press ? or * to list all spells.
You erupt in a blast of force!
The mystic blast hits the catoblepas!!
The catoblepas is almost dead.
The catoblepas is knocked back by the mystic blast.
The mystic blast hits the yak!
The yak is heavily wounded.
The yak is knocked back by the mystic blast.
The yak slams into the rock wall!
The yak is heavily wounded.
The death yak is no longer petrified.
You have turned to stone.
The yak gores you but does no damage. The death yak barely misses you.
The catoblepas gores you! The yak gores you but does no damage.
The death yak gores you!
* * * LOW HITPOINT WARNING * * *
The catoblepas barely misses you. The yak gores you but does no damage.
The death yak gores you but does no damage.
The catoblepas gores you but does no damage.
The yak gores you but does no damage. The death yak gores you!!
* * * LOW HITPOINT WARNING * * *
The catoblepas gores you!
* * * LOW HITPOINT WARNING * * *
The yak gores you but does no damage. The death yak gores you.
* * * LOW HITPOINT WARNING * * *
The catoblepas gores you!!
* * * LOW HITPOINT WARNING * * *
The yak gores you!
* * * LOW HITPOINT WARNING * * *
The death yak gores you but does no damage.
The catoblepas breathes a plume of calcifying dust at you.
The blast of calcifying dust hits you.
* * * LOW HITPOINT WARNING * * *
You are engulfed in calcifying dust.
The yak gores you.
* * * LOW HITPOINT WARNING * * *
The death yak gores you but does no damage.
The catoblepas gores you!!
You die...

#.# ###..### ###...
#.# ##...## ###.
####.## ###..## ##.
#.....# ##...# ##..
#...#.†## #...##
#..# #.####..#
##...###†## # ##..##
##........##
#.YYY####..###.....#
##..@..##..##
###...# #..8.8.....#
##... #..8....8.###
###. #.....8....#
##### ........8....#
#PP##
....###....#### #...
##..# ###### ###..
### ###....
#######....8.


You could see a death yak, a catoblepas and a yak.

Vanquished Creatures
  2 anacondas (Lair:4)
  4 catoblepae
  3 hydras
  2 two-headed ogres (D:10)
  The ghost of Bock the Unseen, a journeyman SpEn of Wu Jian (Lair:2)
  13 death yaks
  Urug (Lair:6)
  3 fire crabs
  Pikel (D:9)
  The ghost of Ijustatesigmund the Arsonist, a novice DEFE (D:7)
  A cyclops (D:10)
  A wolf spider (Lair:5)
  Joseph (D:8)
  9 elephants (Lair:6)
  4 manticores
  5 black mambas
  A torpor snail (Lair:4)
  14 cane toads
  A gargoyle (D:11)
  7 komodo dragons
  2 kobold demonologists (D:11)
  4 rime drakes
  A tengu conjurer (D:10)
  A queen bee (shapeshifter) (D:10)
  A tyrant leech (Lair:4)
  A meliai (D:11)
  A polar bear (Lair:6)
  3 trolls
  The ghost of Jortsu the Skirmisher, an amateur DsFi of Xom (D:6)
  A tarantella (Lair:5)
  18 blink frogs
  2 dream sheep (D:10)
  2 jumping spiders (Lair:5)
  Sigmund (D:5)
  3 wyverns
  59 yaks
  2 shadows
  A basilisk (Lair:1)
  A wraith (D:11)
  4 steam dragons
  5 vampire mosquitoes (D:11)
  A redback (Lair:5)
  Edmund (D:4)
  Menkaure (D:5)
  17 water moccasins
  6 orc warriors
  An ice beast (D:7)
  A sky beast (D:5)
  3 black bears
  5 centaurs
  10 wolves
  An ogre (D:5)
  A phantom (D:4)
  2 lemures (D:9)
  Blork the orc (D:5)
  6 kobold brigands
  15 bullfrogs
  A gnoll sergeant (D:10)
  2 scorpions (D:9)
  6 wights
  13 killer bees
  2 electric eels (Lair:4)
  2 jellies (D:5)
  Crazy Yiuf (D:7)
  9 orc priests
  4 hounds
  An iguana (D:7)
  Jessica (D:3)
  A gnoll shaman (D:8)
  Ijyb (D:5)
  Natasha (thrice) (D:3)
  10 orc wizards
  7 gnolls
  10 adders
  2 shadow imps
  3 white imps
  2 dart slugs
  35 orcs
  4 ball pythons
  6 endoplasms
  3 giant cockroaches
  10 goblins
  5 hobgoblins
  4 jackals (D:1)
  28 kobolds
  3 quokkas
  3 bats
  5 frilled lizards
  A rat (D:1)
  A butterfly (D:7)
450 creatures vanquished.

Vanquished Creatures (others)
  A bullfrog (D:7)
  2 orc wizards
  63 fulminant prisms
  18 fungi
  73 plants
157 creatures vanquished.

Grand Total: 607 creatures vanquished

Notes
Turn   | Place    | Note
-------+----------+-------------------------------------------
     0 | D:1      | Essalna the Djinni Conjurer began the quest for the Orb.
     0 | D:1      | Reached XP level 1. HP: 15/15 MP: 0/0
   190 | D:1      | Reached XP level 2. HP: 19/22 MP: 0/0
   260 | D:1      | Reached skill level 1 in Fighting
   563 | D:1      | Reached XP level 3. HP: 14/27 MP: 0/0
   563 | D:1      | Learned a level 1 spell: Sandblast
  1187 | D:2      | Reached XP level 4. HP: 27/33 MP: 0/0
  1952 | D:3      | Reached XP level 5. HP: 33/40 MP: 0/0
  1952 | D:3      | Learned a level 2 spell: Wereblood
  2000 | D:3      | Noticed Jessica
  2004 | D:3      | Killed Jessica
  2207 | D:3      | Noticed Natasha
  2212 | D:3      | Killed Natasha
  2540 | D:3      | Noticed Natasha
  2547 | D:3      | Killed Natasha
  2548 | D:3      | Reached XP level 6. HP: 39/46 MP: 0/0
  2641 | D:3      | Noticed Natasha
  2646 | D:3      | Killed Natasha
  2917 | D:4      | You are sucked into a shaft and drop 3 floors!
  3009 | D:7      | Noticed a steam dragon
  3038 | D:7      | Reached XP level 7. HP: 36/53 MP: 0/0
  3038 | D:7      | Learned a level 2 spell: Scorch
  3091 | D:7      | Reached skill level 5 in Spellcasting
  3290 | D:6      | Found a runed translucent door.
  3291 | D:6      | Noticed Jortsu's ghost (amateur DsFi)
  3366 | D:5      | Entered Level 5 of the Dungeon
  3440 | D:4      | Reached skill level 5 in Fighting
  3996 | D:4      | Found a sparkling altar of Nemelex Xobeh.
  4071 | D:4      | Reached XP level 8. HP: 41/60 MP: 0/0
  4285 | D:4      | Found Icleqim's General Store.
  4290 | D:4      | Bought a +1 cloak of willpower for 181 gold pieces
  4652 | D:4      | Found Zeon's Neck Hole.
  4686 | D:5      | Noticed Edmund
  4696 | D:4      | Identified 2 scrolls of acquirement
  4696 | D:4      | Acquired 970 gold pieces
  4727 | D:4      | Bought an amulet of regeneration for 360 gold pieces
  4734 | D:4      | Acquired a manual of Spellcasting
  4884 | D:5      | Noticed Menkaure
  4891 | D:5      | Killed Menkaure
  5002 | D:5      | Noticed Ijyb
  5009 | D:5      | Killed Ijyb
  5405 | D:5      | Noticed Blork the orc
  5410 | D:5      | Killed Blork the orc
  5560 | D:5      | Reached XP level 9. HP: 68/68 MP: 0/0
  5560 | D:5      | Learned a level 4 spell: Passage of Golubria
  5604 | D:5      | Noticed Sigmund
  5608 | D:5      | Killed Sigmund
  5857 | D:4      | Killed Edmund
  6561 | D:6      | Killed Jortsu's ghost
  6661 | D:7      | Found a staircase to the Ecumenical Temple.
  6675 | Temple   | Entered the Ecumenical Temple
  6771 | Temple   | Became a worshipper of Makhleb the Destroyer
  6878 | D:7      | Reached XP level 10. HP: 45/78 MP: 0/0
  6943 | D:7      | Found a runed translucent gate.
  6943 | D:7      | Found a runed translucent gate.
  6943 | D:7      | Found a runed translucent gate.
  6946 | D:7      | Noticed Ijustatesigmund's ghost (novice DEFE)
  6956 | D:7      | Killed Ijustatesigmund's ghost
  6957 | D:7      | Reached skill level 10 in Spellcasting
  6985 | D:7      | Identified the +6 scimitar "Fipp" {vamp, rN++ Stlth+}
  7250 | D:7      | Found a runed translucent door.
  7251 | D:7      | Noticed Crazy Yiuf
  7258 | D:7      | Killed Crazy Yiuf
  7478 | D:8      | Noticed Joseph
  7488 | D:8      | Killed Joseph
  7489 | D:8      | Reached skill level 10 in Fighting
  7582 | D:8      | Upgraded the game from 0.29-a0-333-gb4c28e87c6 to
                  | 0.29-a0-334-gb41bcbb86e
  7638 | D:8      | Reached * piety under Makhleb
  8244 | D:9      | Reached skill level 1 in Armour
  8314 | D:9      | Identified the amulet "Xeoxkuep" {RegenMP Fragile Will+
                  | Regen+}
  8343 | D:9      | Reached XP level 11. HP: 68/86 MP: 0/0
  8343 | D:9      | Learned a level 5 spell: Iskenderun's Battlesphere
  8384 | D:9      | Noticed Pikel
  8396 | D:9      | Killed Pikel
  8507 | D:9      | Reached ** piety under Makhleb
  8652 | D:9      | Found a staircase to the Lair.
  8824 | D:9      | Found an iron altar of Okawaru.
  8871 | D:10     | Entered Level 10 of the Dungeon
  8886 | D:10     | Reached skill level 5 in Dodging
  8892 | D:10     | Noticed a two-headed ogre
  8904 | D:10     | Killed a two-headed ogre
  9061 | D:10     | Noticed a six-headed hydra
  9104 | D:10     | Noticed a cyclops
  9123 | D:10     | Killed a cyclops
  9144 | D:10     | Noticed a manticore
  9155 | D:10     | Killed a manticore
  9224 | D:11     | Reached skill level 5 in Armour
  9235 | D:11     | Reached XP level 12. HP: 27/94 MP: 0/0
  9436 | D:11     | Reached *** piety under Makhleb
  9666 | D:10     | Noticed a two-headed ogre
  9682 | D:10     | Killed a two-headed ogre
 10028 | D:10     | Noticed a three-headed hydra
 10036 | D:10     | Killed a three-headed hydra
 10037 | D:10     | Reached skill level 1 in Shields
 10293 | D:10     | Killed a six-headed hydra
 10329 | Lair:1   | Entered Level 1 of the Lair of Beasts
 10378 | Lair:1   | Reached **** piety under Makhleb
 10404 | Lair:1   | Noticed a catoblepas
 10480 | Lair:1   | Killed a catoblepas
 10481 | Lair:1   | Reached XP level 13. HP: 100/102 MP: 0/0
 10481 | Lair:1   | Learned a level 5 spell: Summon Mana Viper
 10780 | Lair:1   | You are sucked into a shaft and drop 1 floor!
 10817 | Lair:2   | Noticed a catoblepas
 10843 | Lair:2   | Killed a catoblepas
 11746 | Lair:2   | Identified the +6 glaive of Kismet {flame, MP+9 Int+4
                  | Stlth-}
 11753 | Lair:2   | Found a runed translucent door.
 11753 | Lair:2   | Noticed Bock's ghost (journeyman SpEn)
 11805 | Lair:2   | Killed Bock's ghost
 11884 | Lair:2   | Reached ***** piety under Makhleb
 12533 | Lair:3   | Found a staircase to the Snake Pit.
 12974 | Lair:4   | Noticed an anaconda
 12984 | Lair:4   | Killed an anaconda
 13203 | Lair:4   | Reached XP level 14. HP: 96/110 MP: 0/0
 13206 | Lair:4   | Reached skill level 10 in Dodging
 13576 | Lair:4   | Found a staircase to the Swamp.
 13668 | Lair:4   | Found a runed translucent gate.
 13668 | Lair:4   | Found a runed translucent gate.
 13668 | Lair:4   | Found a runed translucent gate.
 13672 | Lair:4   | Noticed Poeck's ghost (journeyman GrFi)
 13673 | Lair:4   | Noticed GordonOverkill's ghost (journeyman DEHu)
 14689 | Lair:5   | Found a runed translucent door.
 14707 | Lair:5   | Found a runed translucent gate.
 14707 | Lair:5   | Found a runed translucent gate.
 14707 | Lair:5   | Found a runed translucent gate.
 14707 | Lair:5   | Found a runed translucent gate.
 14707 | Lair:5   | Found a runed translucent gate.
 14725 | Lair:5   | Identified the +10 whip of the Dungeon {pain, rPois rF+++}
 14728 | Lair:5   | Found a runed translucent gate.
 15047 | Lair:5   | Identified the +1 chain mail of the Cricket {Slay+3}
 15188 | Lair:6   | Entered Level 6 of the Lair of Beasts
 15265 | Lair:6   | Reached skill level 10 in Armour
 15454 | Lair:6   | Found a viscous altar of Jiyva.
 15454 | Lair:6   | Found a staircase to the Slime Pits.
 15497 | Lair:6   | Reached XP level 15. HP: 107/118 MP: 0/0
 15497 | Lair:6   | Learned a level 6 spell: Simulacrum
 15651 | Lair:6   | Noticed Urug
 15653 | Lair:6   | Reached ****** piety under Makhleb
 15781 | Lair:6   | Killed Urug
 16061 | Lair:6   | HP: 5/118 [catoblepas (11)]
 16062 | Lair:6   | HP: 2/118 [yak (4)]
 16063 | Lair:6   | Mangled by a catoblepas

Illustrated notes

Levels and vault maps discovered:
D:1:      lightli_iron_boxes, layout_rooms
D:2:      layout_loops_ring
D:3:      layout_rooms, uniq_jessica, uniq_natasha
D:4:      layout_loops_ring, mainiacjoe_overflow_six_doors_small, serial_shops,
          nicolae_shop_hallway_plus, nicolae_shop_sticking_my_neck_out
D:5:      layout_loops_corners, uniq_ijyb, uniq_menkaure, uniq_blork_the_orc,
          uniq_edmund, uniq_sigmund
D:6:      layout_basic, ebering_ghost_sewer_d
D:7:      layout_loops_cross, minmay_temple_entry_butterflies,
          ebering_ghost_rock_garden, kennysheep_generic_room_6,
          uniq_crazy_yiuf_cottage
D:8:      layout_gridville, uniq_joseph
D:9:      layout_basic, okawaru_trees_1, mainiacjoe_overflow_catch_the_wave,
          grunt_lair_entry_orc_guard_hut, uniq_pikel
D:10:     nicolae_hexawheel, layout_gridville, hangedman_ranch
D:11:     layout_rooms, david_orc_4
Temple:   regret_index_temple_mists
Lair:1:   layout_concentric_octagons, chequers_serial_rivers_room_a,
          st_stairs_11, nicolae_lair_grazing_beasts
          [nicolae_sub_lair_graze_edge, nicolae_sub_lair_graze_edge,
          nicolae_sub_lair_graze_edge, nicolae_sub_lair_graze_edge],
          grunt_megastairs_5
Lair:2:   layout_cave_pods, hellmonk_ghost_happy_afterlife
Lair:3:   layout_roguey, guppyfry_snake_entry_island, special_room
Lair:4:   layout_gridlike, minmay_swamp_entry_worms, gammafunk_ghost_cemetery,
          minivault_27, nicolae_lair_lakeside_cave
Lair:5:   gammafunk_indiana_jones, layout_hall_layers, serial_bayou_shore_b
Lair:6:   evilmike_catoblepas_cave, layout_hall_layers, slime_altar_1,
          serial_bayou_crossing, uniq_urug

Skill      XL: |  1  2  3  4  5  6  7  8  9 10 11 12 13 14 15 |
---------------+----------------------------------------------+-----
Fighting       | 1 2 3 4 5 7 9 10 11 12 13 14 | 14.6
Spellcasting   | 4 5 7 9 11 12 13 14 | 14.0
Armour         | 2 5 7 8 10 | 10.6
Dodging        | 3 6 8 9 11 | 11.8
Shields        | 3 4 |  4.0
Stealth        | |  1.5

Action                   |  1- 3 |  4- 6 |  7- 9 | 10-12 | 13-15 || total
-------------------------+-------+-------+-------+-------+-------++-------
Melee: Unarmed           |       |       |     1 |       |       ||     1
       Scimitar          |       |       |       |     5 |    12 ||    17
 Cast: Magic Dart        |    56 |    74 |   152 |   196 |   329 ||   807
       Searing Ray       |     1 |     6 |     9 |    10 |     3 ||    29
       Iskenderun's Myst |       |     1 |    13 |   119 |   239 ||   372
       Scorch            |       |       |    42 |    25 |       ||    67
       Wereblood         |       |       |     4 |     1 |       ||     5
       Fulminant Prism   |       |       |     7 |    34 |    22 ||    63
       Passage of Golubr |       |       |     2 |       |       ||     2
       Summon Mana Viper |       |       |       |       |     1 ||     1
       Simulacrum        |       |       |       |       |     3 ||     3
  Use: Scroll            |       |       |    10 |       |    10 ||    20
       Potion            |       |       |       |     3 |       ||     3
Armor: Robe              |     1 |     1 |    24 |       |       ||    26
       Steam dragon scal |       |       |       |    45 |    66 ||   111
Dodge: Dodged            |    10 |     8 |    56 |    70 |    84 ||   228
Block: Buckler           |       |       |       |     4 |    24 ||    28

Table legend: (Time is in decaauts)
 A = Elapsed time spent in this place.
 B = Non-inter-level travel time spent in this place.
 C = Inter-level travel time spent in this place.
 D = Time resting spent in this place.
 E = Time spent auto-exploring this place.
 F = Levels seen in this place.
 G = Mean time per level.
                   A        B        C        D        E       F      G
               +--------+--------+--------+--------+--------+-----+--------+
         Total |  16092 |  15216 |    876 |    112 |  12217 |  18 |  894.0 |
       Dungeon |  10230 |   9596 |    634 |     93 |   7860 |  11 |  930.0 |
        Temple |    112 |     97 |     15 |      0 |     73 |   1 |  112.0 |
          Lair |   5748 |   5522 |    226 |     19 |   4284 |   6 |  958.0 |
               +--------+--------+--------+--------+--------+-----+--------+

Top non-repeatable levels by time:
     D:4: 1644 daAuts
  Lair:4: 1332 daAuts
     D:7: 1116 daAuts
     D:5: 1045 daAuts
  Lair:1: 1022 daAuts
     D:1: 1015 daAuts
    D:10: 1014 daAuts
  Lair:2: 985 daAuts
  Lair:5: 975 daAuts
     D:2: 929 daAuts
  Lair:6: 834 daAuts
     D:3: 815 daAuts
     D:8: 806 daAuts
     D:6: 791 daAuts
     D:9: 626 daAuts
